 Dungeon Crawl Stone Soup version 0.22.1-1-ga44c0e5 (webtiles) character file.

15345 Starchild the Protected (level 12, -4/95 HPs)
             Began as a Demonspawn Monk on Oct 23, 2018.
             Was a High Priest of Ru.
             Killed from afar by an oklob plant (12 damage)
             ... with a splash of acid
             ... on level 2 of the Lair of Beasts.
             The game lasted 01:12:15 (14581 turns).

Starchild the Protected (Demonspawn Monk)          Turns: 14581, Time: 01:12:17

Health: -4/95      AC:  3    Str: 15    XL:     12   Next: 0%
Magic:  0/15       EV: 11    Int: 22    God:    Ru [*****.]
Gold:   874        SH:  7    Dex: 19    Spells: 1/15 levels left

rFire    x . .     SeeInvis .   L - +3 falchion (freeze)
rCold    . . .     Gourm    .   k - +1 buckler {AC+3}
rNeg     + . .     Faith    .   O - +1 scale mail of Utuys {Dex+4}
rPois    .         Spirit   +   (helmet restricted)
rElec    +         Reflect  .   (no cloak)
rCorr    .         Harm     .   N - +2 pair of gloves
MR       .....                  I - +0 pair of boots
Stlth    +.........             K - amulet of the acrobat
HPRegen  0.25/turn              g - +6 ring of intelligence
MPRegen  0.28/turn              A - ring of positive energy

@: corroded, sanguine armour, drained
A: horns 1, talons 1, cold resistance 1, electricity resistance, spiny 2, strong
1, magic shield, magic regeneration, hated by all, no air magic, no necromancy
magic, no translocations magic, temperature sensitive, sanguine armour 1
a: Draw Out Power, Power Leap, Apocalypse, Renounce Religion


You were on level 2 of the Lair of Beasts.
You worshipped Ru.
Ru was extremely pleased with you.
You were not hungry.

You visited 3 branches of the dungeon, and saw 14 of its levels.

You collected 874 gold pieces.

Inventory:

Hand Weapons
 s - a +2 spear of venom
 w - a +2 war axe
 E - a +0 broad axe of venom
 L - a +3 falchion of freezing (weapon)
 U - the +1 falchion of Popular Demand {antimagic, *Rage rC+ Str+3 Stlth+}
   (You found it on level 2 of the Lair of Beasts)

   It reduces the magical energy of the wielder, and disrupts the spells and
   magical abilities of those hit.
   Natural abilities and divine invocations are not affected.
   It affects your strength (+3).
   It protects you from cold.
   It may make you go berserk in combat.
   It makes you more stealthy.
Missiles
 h - 3 javelins
 p - 15 tomahawks (quivered)
 r - 355 stones
 R - 2 throwing nets
Armour
 k - a +1 buckler of protection (worn)
 B - a +1 leather armour of fire resistance
 I - a +0 pair of boots (worn)
 N - a +2 pair of gloves (worn)
 O - the +1 scale mail of Utuys (worn) {Dex+4}
   (You found it on level 8 of the Dungeon)

   It affects your dexterity (+4).
Magical Staves
 W - an uncursed staff of conjuration {unknown}
Jewellery
 g - a +6 ring of intelligence (left hand)
 u - an uncursed amulet of the gourmand {unknown}
 A - a ring of positive energy (right hand)
 D - an uncursed ring of positive energy
 F - a +3 ring of dexterity
 K - an amulet of the acrobat (around neck)
 T - a +4 ring of protection {unknown}
 X - an uncursed ring of ice {unknown}
Wands
 b - a wand of iceblast (6)
 e - a wand of acid (2)
 f - a wand of polymorph (50)
 J - a wand of flame (76)
Scrolls
 d - 3 scrolls of fog
 l - 4 scrolls of remove curse
 q - 2 scrolls of immolation
 t - 7 scrolls of teleportation
 v - a scroll of amnesia {unknown}
 x - a scroll of vulnerability {unknown}
 y - a scroll of silence {unknown}
 z - 2 scrolls of fear
 C - 5 scrolls of enchant weapon
 G - 5 scrolls of blinking
 Q - a scroll of holy word {unknown}
 V - a scroll of enchant armour
Potions
 a - a potion of magic {unknown}
 i - 2 potions of might
 j - 4 potions of curing
 m - 3 potions of agility
 n - a potion of heal wounds
 o - a potion of mutation
 H - a potion of haste {unknown}
 M - 3 potions of flight {unknown}
 P - a potion of lignification {unknown}
 S - 2 potions of ambrosia {unknown}
 Y - a potion of degeneration {unknown}
Comestibles
 c - 18 rations


   Skills:
 - Level 9.0(8.6) Fighting
 - Level 2.6(2.3) Axes
 - Level 10.2(9.8) Armour
 - Level 2.6(2.3) Dodging
 - Level 1.7(1.4) Stealth
 - Level 5.1(4.8) Shields
 + Level 2.0(1.6) Spellcasting
 - Level 10.1(9.7) Conjurations
 - Level 7.1(6.7) Hexes


You had one spell level left.
You knew the following spells:

 Your Spells              Type           Power        Failure   Level  Hunger
a - Magic Dart            Conj           ####         1%          1    #......
b - Searing Ray           Conj           #####.       1%          2    ###....
c - Dazzling Spray        Conj/Hex       #####.       4%          3    ###....
d - Iskenderun's Mystic   Conj           #####...     8%          4    #####..
e - Fulminant Prism       Conj/Hex       #####.....   14%         4    #####..

Your spell library contained the following spells:

 Spells                   Type           Power        Failure   Level  Hunger
 Irradiate                Conj/Tmut      ###.......   85%         5    ######.
 Hydra Form               Tmut           #.........   100%        6    #######
 Statue Form              Tmut/Erth      #........    100%        6    #######
 Dragon Form              Tmut           #.........   100%        7    #######
 Animate Skeleton         Necr           Unusable     N/A         1    N/A
 Pain                     Necr           Unusable     N/A         1    N/A
 Force Lance              Conj/Tloc      Unusable     N/A         4    N/A
 Regeneration             Chrm/Necr      Unusable     N/A         3    N/A
 Vampiric Draining        Necr           Unusable     N/A         3    N/A
 Animate Dead             Necr           Unusable     N/A         4    N/A

Dungeon Overview and Level Annotations

Branches:
Dungeon (11/15)            Temple (1/1) D:6            Lair (2/6) D:11
    Orc (0/2) D:11
  Swamp: Lair:2-4    Shoals: Lair:2-4     Snake: Lair:2-4    Spider: Lair:2-4

Altars:
Ashenzari
Cheibriados
Dithmenos
Elyvilon
Fedhas
Gozag
Hepliaklqana
Kikubaaqudgha
Makhleb
Nemelex Xobeh
Okawaru
Qazlal
Ru
Sif Muna
Trog
Uskayaw
Vehumet
Wu Jian
Xom
Yredelemnul
Zin
The Shining One
Beogh

Annotations:
D:8 exclusion: orange crystal statue
Lair:2 exclusion: 2 oklob plants


Innate Abilities, Weirdness & Mutations

You have a pair of small horns on your head.
You are mostly covered in sharp spines.
When hurt, damage is shared between your health and your magic reserves.
You regenerate magic rapidly.
You are hated by all.
You cannot study or cast Air magic.
You cannot study or cast Necromancy magic.
You cannot study or cast Translocations magic.
You are sensitive to extremes of temperature. (rF-, rC-)
When seriously injured, your bleeding wounds create armour. (AC +6)
You have sharp toenails.
Your flesh is cold resistant. (rC+)
You are resistant to electric shocks. (rElec)
Your muscles are strong. (Str +2)


Message History

You focus your will and illuminate the oklob plant in retribution!
You hit the oklob plant but do no damage.
The oklob plant is severely damaged.
You redirect the oklob plant's attack!
You hit the oklob plant but do no damage.
You headbutt the oklob plant, but do no damage.
The oklob plant is severely damaged.
You hit the oklob plant but do no damage.
You headbutt the oklob plant.
The oklob plant is severely damaged.
You feel less exhausted. The oklob plant spits acid at you.
The splash of acid hits you!
* * * LOW HITPOINT WARNING * * *
You are splashed with acid!
The acid burns!
* * * LOW HITPOINT WARNING * * *
You focus your will and blind the oklob plant in retribution!
The oklob plant spits acid at you. The splash of acid hits you!
You die...

#.........####P.
##...###### #..
#.....# ##. ##...##
#. ###...#### ##
###.#P'#.#.## #
#.##......#.#####
#####.#......####.P.
#.P@.............P..
#%)?P........+.....#
#P.(P........##.###.
#####$.......###.##P
###.......###...
###.#+####.(..
#.#.P♣♣.....
###.#♣.....P
#...P.......


You could see 2 oklob plants.

Vanquished Creatures
  A two-headed ogre (D:9)
  2 unseen horrors (D:11)
  An elephant (Lair:2)
  Maurice (D:8)
  2 black mambas (Lair:1)
  2 spiny frogs (Lair:1)
  A gargoyle (D:10)
  2 komodo dragons
  Prince Ribbit (D:8)
  9 blink frogs
  Grinder (D:5)
  4 hippogriffs
  A wyvern (Lair:2)
  A basilisk (D:11)
  2 hungry ghosts
  Grum (D:8)
  A soldier ant (D:11)
  Menkaure (D:6)
  2 hell hounds (Lair:2)
  3 porcupines (Lair:1)
  3 water moccasins
  2 ice beasts
  4 sky beasts
  6 orc warriors
  3 phantoms
  6 ogres
  3 wolves (D:8)
  5 centaurs
  3 crocodiles
  12 bullfrogs
  A big kobold (D:9)
  2 scorpions (D:7)
  3 howler monkeys (D:8)
  8 wights
  5 crimson imps
  A centaur zombie (D:8)
  A quasit (D:11)
  3 centaur skeletons
  A gnoll shaman (D:9)
  3 jellies
  A bullfrog skeleton (D:4)
  5 orc priests
  13 hounds
  An iguana (D:6)
  8 orc wizards
  12 worker ants
  2 hound skeletons
  3 worker ant zombies
  15 gnolls
  8 adders
  A shadow imp (D:8)
  12 white imps (Lair:2)
  An adder skeleton (D:6)
  6 worms
  2 dart slugs
  4 leopard geckos
  43 orcs
  2 ball pythons (D:2)
  4 giant cockroaches
  10 hobgoblins
  13 jackals
  6 quokkas
  12 bats
  A frilled lizard (D:1)
  6 goblins
  15 kobolds
  A quokka zombie (D:6)
  2 rats
  A plant (Lair:2)
324 creatures vanquished.

Vanquished Creatures (others)
  A komodo dragon (Lair:1)
  A spriggan (Lair:2)
  A water moccasin (Lair:2)
  An orc (D:11)
  A fulminant prism (Lair:2)
  2 fungi (Lair:2)
  11 plants
18 creatures vanquished.

Grand Total: 342 creatures vanquished

Notes
Turn   | Place    | Note
-------+----------+-------------------------------------------
     0 | D:1      | Starchild the Demonspawn Monk began the quest for the Orb.
     0 | D:1      | Reached XP level 1. HP: 18/18 MP: 1/1
   319 | D:1      | Gained mutation: You are partially covered in sharp spines.
                  | [demonic ancestry]
   319 | D:1      | Reached XP level 2. HP: 23/24 MP: 2/2
   851 | D:2      | Gained mutation: You are mostly covered in sharp spines.
                  | [demonic ancestry]
   851 | D:2      | Reached XP level 3. HP: 30/30 MP: 3/3
   985 | D:2      | Reached skill level 5 in Fighting
   985 | D:2      | Reached XP level 4. HP: 27/39 MP: 4/4
  1932 | D:3      | Learned a level 1 spell: Magic Dart
  1935 | D:3      | Learned a level 2 spell: Searing Ray
  2022 | D:3      | Reached XP level 5. HP: 46/46 MP: 5/5
  2267 | D:4      | Noticed an orc warrior
  2326 | D:4      | Reached skill level 1 in Conjurations
  2487 | D:4      | Noticed an ogre
  2934 | D:4      | Gained mutation: You have a pair of small horns on your
                  | head. [demonic ancestry]
  2934 | D:4      | Reached XP level 6. HP: 22/53 MP: 6/6
  3360 | D:5      | Entered Level 5 of the Dungeon
  3405 | D:5      | Noticed Grinder
  3407 | D:5      | Paralysed by Grinder for 4 turns
  3417 | D:5      | Killed Grinder
  3417 | D:5      | Gained mutation: When hurt, damage is shared between your
                  | health and your magic reserves. [demonic ancestry]
  3417 | D:5      | Reached XP level 7. HP: 58/60 MP: 7/7
  3425 | D:5      | Learned a level 3 spell: Dazzling Spray
  3705 | D:5      | Found a hazy altar of Hepliaklqana.
  3952 | D:6      | Gained mutation: You regenerate magic rapidly. [demonic
                  | ancestry]
  3952 | D:6      | Reached XP level 8. HP: 50/69 MP: 5/8
  3959 | D:6      | Found a staircase to the Ecumenical Temple.
  4010 | Temple   | Entered the Ecumenical Temple
  4230 | Temple   | Became a worshipper of Ru the Awakened
  4246 | Temple   | Gained mutation: You cannot study or cast Air magic. [Ru
                  | sacrifice]
  4246 | Temple   | Gained mutation: You cannot study or cast Necromancy magic.
                  | [Ru sacrifice]
  4246 | Temple   | Gained mutation: You cannot study or cast Translocations
                  | magic. [Ru sacrifice]
  4246 | Temple   | Reached * piety under Ru
  4358 | D:6      | Noticed Menkaure
  4363 | D:6      | Killed Menkaure
  4363 | D:6      | Reached skill level 5 in Conjurations
  4385 | D:6      | Reached skill level 1 in Shields
  5822 | D:6      | Reached skill level 5 in Shields
  6011 | D:7      | Reached XP level 9. HP: 72/76 MP: 7/9
  7020 | D:8      | Found an opulent altar of Gozag.
  7046 | D:8      | Noticed Prince Ribbit
  7057 | D:8      | Killed Prince Ribbit
  7273 | D:8      | Reached skill level 1 in Hexes
  7488 | D:8      | Noticed Maurice
  7507 | D:8      | Killed Maurice
  7578 | D:8      | Noticed an orange crystal statue
  7824 | D:8      | Noticed Grum
  7844 | D:8      | Killed Grum
  7844 | D:8      | Reached XP level 10. HP: 73/83 MP: 10/10
  7850 | D:8      | Reached skill level 5 in Hexes
  7961 | D:8      | Got a steaming scale mail
  8376 | D:9      | Noticed a two-headed ogre
  8390 | D:9      | Killed a two-headed ogre
  9227 | D:9      | Reached skill level 10 in Conjurations
  9260 | D:9      | Got a polished scale mail
  9495 | D:10     | Entered Level 10 of the Dungeon
  9626 | D:10     | Identified the cursed +1 scale mail of Utuys {Dex+4} (You
                  | found it on level 8 of the Dungeon)
  9655 | D:10     | Reached skill level 1 in Armour
  9666 | D:10     | Noticed a sea snake
  9980 | D:10     | Identified the +3 scale mail of Sloth {-Cast rPois Dex+9}
                  | (You found it on level 9 of the Dungeon)
 10354 | D:10     | Noticed a gargoyle
 10359 | D:10     | Killed a gargoyle
 10859 | D:11     | Gained mutation: When seriously injured, your bleeding
                  | wounds create armour. (AC +6) [demonic ancestry]
 10859 | D:11     | Reached XP level 11. HP: 74/89 MP: 7/11
 10869 | D:11     | Killed an unseen horror
 10869 | D:11     | Reached skill level 5 in Armour
 11151 | D:11     | Killed an unseen horror
 11282 | D:11     | Found a roughly hewn altar of Beogh.
 11282 | D:11     | Found a staircase to the Orcish Mines.
 11372 | D:11     | Gained mutation: You are sensitive to extremes of
                  | temperature. (rF-, rC-) [Ru sacrifice]
 11372 | D:11     | Reached ** piety under Ru
 11372 | D:11     | Reached *** piety under Ru
 11512 | D:11     | Found a staircase to the Lair.
 11546 | D:11     | Learned a level 4 spell: Iskenderun's Mystic Blast
 11560 | Lair:1   | Entered Level 1 of the Lair of Beasts
 12098 | Lair:1   | Identified a scroll of acquirement
 12364 | Lair:1   | Found a sparkling altar of Nemelex Xobeh.
 12634 | Lair:1   | Gained mutation: You have sharp toenails. [potion of
                  | mutation]
 12634 | Lair:1   | Gained mutation: Your muscles are strong. (Str +2) [potion
                  | of mutation]
 12634 | Lair:1   | Gained mutation: You are resistant to electric shocks.
                  | (rElec) [potion of mutation]
 12634 | Lair:1   | Gained mutation: Your flesh is cold resistant. (rC+)
                  | [potion of mutation]
 13560 | Lair:2   | Got a faintly glowing falchion
 13655 | Lair:2   | Noticed an oklob plant
 13730 | Lair:2   | Found a frozen archway.
 13758 | Lair:2   | Identified the cursed +1 falchion of Popular Demand
                  | {antimagic, *Rage rC+ Str+3 Stlth+} (You found it on level
                  | 2 of the Lair of Beasts)
 13873 | Lair:2   | Reached skill level 10 in Armour
 13899 | Lair:2   | Gained mutation: You are hated by all. [Ru sacrifice]
 13899 | Lair:2   | Reached **** piety under Ru
 13899 | Lair:2   | Reached ***** piety under Ru
 14299 | Lair:2   | Reached skill level 1 in Spellcasting
 14482 | Lair:2   | Reached XP level 12. HP: 75/95 MP: 13/15
 14488 | Lair:2   | Learned a level 4 spell: Fulminant Prism
 14581 | Lair:2   | Killed from afar by an oklob plant

Skill      XL: |  1  2  3  4  5  6  7  8  9 10 11 |
---------------+----------------------------------+-----
Fighting       | 4 5 6 7 8 9 |  9.0
Conjurations   | 2 3 4 5 9 10 | 10.1
Shields        | 5 |  5.1
Hexes          | 4 7 |  7.1
Armour         | 4 10 | 10.2
Spellcasting   | 2 |  2.0
Axes           | |  2.6
Dodging        | |  2.6
Stealth        | |  1.7

Action                   |  1- 3 |  4- 6 |  7- 9 | 10-12 || total
-------------------------+-------+-------+-------+-------++-------
Melee: Hand axe          |    17 |       |       |       ||    17
       Dagger            |    59 |   100 |    15 |       ||   174
       Headbutt          |       |     3 |    69 |    98 ||   170
       Spear             |       |       |   302 |   131 ||   433
       Falchion          |       |       |    16 |   289 ||   305
       War axe           |       |       |       |     7 ||     7
Throw: Tomahawk          |       |       |     5 |     4 ||     9
       Stone             |       |       |     1 |       ||     1
 Cast: Magic Dart        |       |       |     2 |    59 ||    61
       Searing Ray       |       |       |     2 |     6 ||     8
       Dazzling Spray    |       |       |       |    10 ||    10
       Iskenderun's Myst |       |       |       |     4 ||     4
       Fulminant Prism   |       |       |       |     1 ||     1
Invok: Sacrifice Arcana  |       |       |     1 |       ||     1
       Reject Sacrifices |       |       |     1 |       ||     1
       Draw Out Power    |       |       |       |     2 ||     2
       Sacrifice Love    |       |       |       |     1 ||     1
       Sacrifice Resista |       |       |       |     1 ||     1
Evoke: Wand              |       |     1 |     1 |     2 ||     4
  Use: Potion            |     1 |     1 |       |     7 ||     9
       Scroll            |       |     8 |     5 |    12 ||    25
 Stab: Sleeping          |     4 |     7 |     6 |     1 ||    18
       Distracted        |       |       |     1 |       ||     1
       Invisible         |       |       |       |     1 ||     1
  Eat: Chunk             |       |     4 |     9 |    24 ||    37
       Ration            |       |     1 |     2 |     2 ||     5
Armor: Robe              |    17 |    15 |    37 |       ||    69
       Leather armour    |       |       |    30 |    92 ||   122
       Scale mail        |       |       |       |    74 ||    74
Dodge: Dodged            |    51 |    52 |   147 |   223 ||   473
Block: Buckler           |       |       |    64 |   135 ||   199
       Rpst.: Falchion   |       |       |     3 |    38 ||    41
